 Dungeon Crawl Stone Soup version 0.13-a0-2531-g2ad9301 (webtiles) character file.

60 Kae the Firebug (level 2, -2/15 HPs)
             Began as a Tengu Fire Elementalist on July 26, 2013.
             Hit by a dart thrown by a goblin (4 damage)
             ... on Level 1 of the Dungeon.
             The game lasted 00:00:51 (895 turns).

Kae the Firebug (Tengu Fire Elementalist)            Turns: 895, Time: 00:00:51

HP  -2/15        AC  2     Str  8      XL: 2   Next: 83%
MP   0/5         EV 12     Int 15      God:
Gold 39          SH  0     Dex 14      Spells:  1 memorised,  3 levels left

Res.Fire  : . . .   See Invis. : .   (no weapon)
Res.Cold  : . . .   Warding    : .   a - +0 robe
Life Prot.: . . .   Conserve   : .   (no shield)
Res.Poison: .       Res.Corr.  : .   (helmet restricted)
Res.Elec. : .       Clarity    : .   (no cloak)
Sust.Abil.: . .     Spirit.Shd : .   (no gloves)
Res.Mut.  : .       Stasis     : .   (boots unavailable)
Res.Rott. : .       Flight     : .   (no amulet)
Saprovore : . . .                    (no ring)
                                     (no ring)

@: not resistant to hostile enchantments, fairly stealthy
A: beak, talons 3
a: no special abilities


You were on level 1 of the Dungeon.
You were not hungry.

You visited 1 branch of the dungeon, and saw 1 of its levels.

You collected 19 gold pieces.

Inventory:

Armour
 a - a +0 robe (worn)
Comestibles
 c - a bread ration
 j - a pear
Scrolls
 d - a scroll of recharging {unknown}
 g - 2 scrolls of enchant weapon II {unknown}
 i - a scroll of curse armour {unknown}
Jewellery
 h - an uncursed ring of flight {unknown}
Potions
 e - a potion of agility {unknown}
 f - a potion of heal wounds {unknown}
Books
 b - a book of Flames

   Spells                             Type                      Level
   *Flame Tongue                      Conjuration/Fire             1
   Throw Flame                        Conjuration/Fire             2
   Conjure Flame                      Conjuration/Fire             3
   Inner Flame                        Hexes/Fire                   3
   Sticky Flame                       Conjuration/Fire             4
   Fireball                           Conjuration/Fire             5


   Skills:
 - Level 2.1 Dodging
 - Level 2.0 Stealth
 + Level 1.5 Spellcasting
 * Level 2.8 Conjurations
 + Level 3.4 Fire Magic


You had 3 spell levels left.
You knew the following spells:

 Your Spells              Type           Power        Failure   Level  Hunger
a - Flame Tongue          Conj/Fire      ##...        8%          1    ##.....


Dungeon Overview and Level Annotations

Branches:
Dungeon (1/27)

Altars:


Innate Abilities, Weirdness & Mutations

You have a beak for a mouth.
You have claws for feet.


Message History

Aiming: Flame Tongue
Press: ? - help, Shift-Dir - straight line, f/p - goblin
Aim: a goblin, wielding a short sword and wearing a leather armour (severely wounded)
You miscast Flame Tongue.
Nothing appears to happen.
The goblin throws a dart.
The dart misses you.
The goblin throws a dart.
The dart misses you.
Things that are here:
a dart; an orcish club You see here a giant gecko skeleton.
The goblin throws a dart.
The dart misses you.
You start resting.
Casting: Flame Tongue
Confirm with . or Enter, or press ? or * to list all spells.
Aiming: Flame Tongue
Press: ? - help, Shift-Dir - straight line, f/p - goblin
Aim: a goblin, wielding a short sword and wearing a leather armour (heavily wounded)
The flame hits the goblin.
The goblin appears unharmed.
The goblin is heavily wounded.
The goblin throws a dart.
The dart hits you!
You die...

#.# #.# #######.#################
###.###
.................................
#....>...(((.(g((..?.............
#.#####.######(#####..........###
. #.# #%# ..........# #.# #.# #.#
..........# #.# #.# ####g###
#..........# #.# #.# #...%.@#
#..........# #.# #.# #..(...#
#.........%# #.# #s# #......#
#..........# #.# #.# #......#
###>#####.#
#.#####.###......######.#####)###
#................................
#.....#.###......######.#####(###
#.....#.# ###.#.................#
#.#.###.# #.#...........(.....#


You could see a goblin.

Vanquished Creatures
  A giant gecko (D:1)
  A bat (D:1)
  A giant cockroach (D:1)
  5 hobgoblins (D:1)
  3 kobolds (D:1)
  2 ball pythons (D:1)
  A giant newt (D:1)
  A goblin (D:1)
  4 rats (D:1)
19 creatures vanquished.

Notes
Turn   | Place    | Note
--------------------------------------------------------------
     0 | D:1      | Kae, the Tengu Fire Elementalist, began the quest for the Orb.
     0 | D:1      | Reached XP level 1. HP: 10/10 MP: 3/3
   197 | D:1      | Reached XP level 2. HP: 13/15 MP: 1/5
   895 | D:1      | Hit by a dart thrown by a goblin

Action                   || total
-------------------------++-------
Melee: Unarmed           ||    27
 Cast: Flame Tongue      ||    31
